SL
CHICAGO GOLD SOX @ WIZARDING EXPRESS
08/12/2031
 
TOP OF THE 1ST
Chicago Gold Sox batting - Pitching for Wizarding Express : RHP Ralph McKinney
Pitching: RHP Ralph McKinney
Batting: LHB Shigenobu Ohayashi 0-0: Ball
1-0: Called Strike
1-1: Fly out, F9 (Flyball, 9S)
Batting: LHB Noel Ballard 0-0: Called Strike
0-1: Ball
1-1: Ball
2-1: Swinging Strike
2-2: Ball
3-2: Fly out, F8 (Flyball, 8LM)
Batting: SHB Lupo Cotto 0-0: Swinging Strike
0-1: Swinging Strike
0-2: Ball
1-2: Ball
2-2: Ball
3-2: Strikes out swinging
Top of the 1st over - 0 runs, 0 hits, 0 errors, 0 left on base; Chicago 0 - Wizarding 0
BOTTOM OF THE 1ST
Wizarding Express batting - Pitching for Chicago Gold Sox : RHP Tony Alfonso
Pitching: RHP Tony Alfonso
Batting: RHB António Martínez 0-0: Ground out 6-3 (Groundball, 6)
Batting: LHB David Holbrook 0-0: Swinging Strike
0-1: Foul Ball, location: 2F
0-2: Ball
1-2: Fly out, F8 (Flyball, 78XD)
Batting: LHB José Corona 0-0: Ball
1-0: Called Strike
1-1: Ball
2-1: Foul Ball, location: 2F
2-2: Ground out 5-3 (Groundball, 56)
Bottom of the 1st over - 0 runs, 0 hits, 0 errors, 0 left on base; Chicago 0 - Wizarding 0
TOP OF THE 2ND
Chicago Gold Sox batting - Pitching for Wizarding Express : RHP Ralph McKinney
Batting: RHB Ben Kennerly 0-0: Foul Ball, location: 2F
0-1: Ball
1-1: Swinging Strike
1-2: Strikes out looking
Batting: LHB Sergio Rodríguez 0-0: Ball
1-0: Foul Ball, location: 2F
1-1: Fly out, F4 (Line Drive, 4M)
Batting: RHB Zeus Preckwinkle 0-0: Called Strike
0-1: Ball
1-1: Foul Ball, location: 2F
1-2: Ground out U3 (Groundball, 34)
Top of the 2nd over - 0 runs, 0 hits, 0 errors, 0 left on base; Chicago 0 - Wizarding 0
BOTTOM OF THE 2ND
Wizarding Express batting - Pitching for Chicago Gold Sox : RHP Tony Alfonso
Batting: LHB Nathan Tanner 0-0: Called Strike
0-1: Fly out, F7 (Flyball, 7S)
Batting: SHB Salvador Trevino 0-0: Ball
1-0: Called Strike
1-1: Foul Ball, location: 2F
1-2: Ball
2-2: Foul Ball, location: 2F
2-2: Foul Ball, location: 2F
2-2: Ball
3-2: Base on Balls
Batting: RHB Ralph Cranford 0-0: Called Strike
0-1: Ball
1-1: Called Strike
1-2: Foul Ball, location: 2F
1-2: Foul Ball, location: 2F
1-2: Ball
2-2: Foul Ball, location: 2F
2-2: Ball
3-2: Foul Ball, location: 2F
3-2: Base on Balls
Salvador Trevino to second
Batting: LHB David Breitling 0-0: Foul Ball, location: 2F
0-1: Called Strike
0-2: Strikes out looking
Batting: RHB Frank Grimes 0-0: Foul Ball, location: 2F
0-1: Foul Ball, location: 2F
0-2: Fly out, F9 (Flyball, 89D)
Bottom of the 2nd over - 0 runs, 0 hits, 0 errors, 2 left on base; Chicago 0 - Wizarding 0
TOP OF THE 3RD
Chicago Gold Sox batting - Pitching for Wizarding Express : RHP Ralph McKinney
Batting: RHB Jorge Baker 0-0: Fly out, F8 (Flyball, 8RM)
Batting: RHB Howard Lee 0-0: Called Strike
0-1: Called Strike
0-2: Ball
1-2: Ball
2-2: SINGLE (Flyball, 7LS)
Batting: RHB Hirohisa Ogasawara 0-0: Fly out, F7 (Flyball, 7D)
Batting: LHB Shigenobu Ohayashi 0-0: Ball
1-0: Ball
2-0: Foul Ball, location: 2F
2-1: DOUBLE (Groundball, 3L)
Howard Lee to third
Batting: LHB Noel Ballard 0-0: Ball
1-0: Ball
Wild Pitch!
Howard Lee scores
Shigenobu Ohayashi to third
2-0: Ball
3-0: Called Strike
3-1: Fly out, F7 (Flyball, 78S)
Top of the 3rd over - 1 run, 2 hits, 0 errors, 1 left on base; Chicago 1 - Wizarding 0
BOTTOM OF THE 3RD
Wizarding Express batting - Pitching for Chicago Gold Sox : RHP Tony Alfonso
Batting: SHB Jake Richardson 0-0: Ball
1-0: Foul Ball, location: 2F
1-1: Called Strike
1-2: Ball
2-2: Fly out, F8 (Flyball, 8LXD)
Batting: RHB António Martínez 0-0: SINGLE (Line Drive, 78M)
Batting: LHB David Holbrook Pickoff Throw to First - Error! E1
António Martínez to second
0-0: Ball
1-0: Ball
2-0: Ball
3-0: Base on Balls
Batting: LHB José Corona 0-0: Ball
1-0: SINGLE (Groundball, 34D)
António Martínez to third
David Holbrook to second
Runner from 3rd tries for Home, SAFE, no throw
Batting: LHB Nathan Tanner 0-0: Called Strike
0-1: Foul Ball, location: 2F
0-2: Ball
1-2: Strikes out swinging
Batting: SHB Salvador Trevino 0-0: Ball
1-0: Swinging Strike
1-1: Ball
2-1: Foul Ball, location: 2F
2-2: Strikes out swinging
Bottom of the 3rd over - 1 run, 2 hits, 1 error, 2 left on base; Chicago 1 - Wizarding 1
TOP OF THE 4TH
Chicago Gold Sox batting - Pitching for Wizarding Express : RHP Ralph McKinney
Batting: SHB Lupo Cotto 0-0: Ball
1-0: Called Strike
1-1: Foul Ball, location: 2F
1-2: SINGLE (Groundball, 34D)
Batting: RHB Ben Kennerly 0-0: Ball
1-0: Swinging Strike
1-1: Foul Ball, location: 2F
1-2: Strikes out swinging
Batting: LHB Sergio Rodríguez 0-0: Fielders Choice at 2nd, 4-6 (Groundball, 4)
Batting: RHB Zeus Preckwinkle 0-0: Ball
1-0: Called Strike
Sergio Rodríguez steals 2nd base
1-1: Foul Ball, location: 2F
1-2: Reached on error, E1 (Groundball, 15)
Sergio Rodríguez scores
Batting: RHB Jorge Baker 0-0: Ball
1-0: Called Strike
1-1: Ball
2-1: Swinging Strike
2-2: Strikes out swinging
Top of the 4th over - 1 run, 1 hit, 1 error, 1 left on base; Chicago 2 - Wizarding 1
BOTTOM OF THE 4TH
Wizarding Express batting - Pitching for Chicago Gold Sox : RHP Tony Alfonso
Batting: RHB Ralph Cranford 0-0: Ball
1-0: Ball
2-0: Ball
3-0: Base on Balls
Batting: LHB David Breitling 0-0: Ball
Ralph Cranford steals 2nd base
1-0: Ground out 4-3 (Groundball, 4)
Ralph Cranford to third
Batting: RHB Frank Grimes 0-0: Swinging Strike
0-1: Called Strike
0-2: Strikes out swinging
Batting: SHB Jake Richardson 0-0: Foul Ball, location: 2F
0-1: Foul Ball, location: 2F
0-2: Strikes out swinging
Bottom of the 4th over - 0 runs, 0 hits, 0 errors, 1 left on base; Chicago 2 - Wizarding 1
TOP OF THE 5TH
Chicago Gold Sox batting - Pitching for Wizarding Express : RHP Ralph McKinney
Batting: RHB Howard Lee 0-0: Swinging Strike
0-1: Ball
1-1: Called Strike
1-2: SINGLE (Line Drive, 8LS)
Batting: RHB Hirohisa Ogasawara 0-0: 2-RUN HOME RUN (Flyball, 89XD), Distance : 385 ft
Batting: LHB Shigenobu Ohayashi 0-0: Foul Ball, location: 2F
0-1: SINGLE (Groundball, 5S) (infield hit)
Batting: LHB Noel Ballard 0-0: Ball
1-0: Fly out, F8 (Flyball, 8LD)
Batting: SHB Lupo Cotto 0-0: Ball
Shigenobu Ohayashi steals 2nd base
1-0: Ball
2-0: Called Strike
Shigenobu Ohayashi is caught stealing 3rd base
2-1: Foul Ball, location: 2F
2-2: Foul Ball, location: 2F
2-2: Ball
3-2: Base on Balls
Batting: RHB Ben Kennerly 0-0: Ball
1-0: Ball
2-0: Foul Ball, location: 2F
2-1: Called Strike
2-2: Strikes out swinging, 2-3 out at first.
Top of the 5th over - 2 runs, 3 hits, 0 errors, 1 left on base; Chicago 4 - Wizarding 1
BOTTOM OF THE 5TH
Wizarding Express batting - Pitching for Chicago Gold Sox : RHP Tony Alfonso
Batting: RHB António Martínez 0-0: Ball
1-0: Swinging Strike
1-1: Ball
2-1: Foul Ball, location: 2F
2-2: Foul Ball, location: 2F
2-2: Fly out, F7 (Flyball, 7LMF)
Batting: LHB David Holbrook 0-0: SINGLE (Flyball, 6D)
Batting: LHB José Corona 0-0: Ball
1-0: Ball
2-0: Called Strike
2-1: SINGLE (Line Drive, 4MD)
David Holbrook to second
Batting: LHB Nathan Tanner 0-0: Called Strike
0-1: Fly out, F8 (Flyball, 8LM)
Batting: SHB Salvador Trevino 0-0: Foul Ball, location: 2F
0-1: Foul Ball, location: 2F
0-2: Ball
1-2: Fly out, F7 (Flyball, 7D)
Bottom of the 5th over - 0 runs, 2 hits, 0 errors, 2 left on base; Chicago 4 - Wizarding 1
TOP OF THE 6TH
Chicago Gold Sox batting - Pitching for Wizarding Express : RHP Ralph McKinney
Batting: LHB Sergio Rodríguez 0-0: Ball
1-0: Ground out 5-3 (Groundball, 56S)
Batting: RHB Zeus Preckwinkle 0-0: Swinging Strike
0-1: Fly out, F3 (Popup, 34)
Batting: RHB Jorge Baker 0-0: Called Strike
0-1: Ball
1-1: Foul Ball, location: 2F
1-2: Fly out, F7 (Flyball, 7LMF)
Top of the 6th over - 0 runs, 0 hits, 0 errors, 0 left on base; Chicago 4 - Wizarding 1
BOTTOM OF THE 6TH
Wizarding Express batting - Pitching for Chicago Gold Sox : RHP Tony Alfonso
Batting: RHB Ralph Cranford 0-0: Ball
1-0: Called Strike
1-1: Fly out, F3 (Popup, 3)
Batting: LHB David Breitling 0-0: Ball
1-0: Ball
2-0: Called Strike
2-1: Swinging Strike
2-2: Ball
3-2: Foul Ball, location: 2F
3-2: Foul Ball, location: 2F
3-2: Foul Ball, location: 2F
3-2: Base on Balls
Batting: RHB Frank Grimes 0-0: Ball
1-0: Ball
2-0: Called Strike
2-1: Called Strike
2-2: Strikes out swinging
Batting: SHB Jake Richardson 0-0: Called Strike
0-1: Ball
1-1: Ball
2-1: Ground out 4-3 (Groundball, 4S)
Bottom of the 6th over - 0 runs, 0 hits, 0 errors, 1 left on base; Chicago 4 - Wizarding 1
TOP OF THE 7TH
Chicago Gold Sox batting - Pitching for Wizarding Express : RHP Ralph McKinney
Batting: RHB Howard Lee 0-0: Ground out 4-3 (Groundball, 4)
Batting: RHB Hirohisa Ogasawara 0-0: Called Strike
0-1: Ball
1-1: Called Strike
1-2: Fly out, F3 (Popup, 3)
Batting: LHB Shigenobu Ohayashi 0-0: Ball
1-0: Called Strike
1-1: Foul Ball, location: 2F
1-2: Ball
2-2: Ball
3-2: Ground out 4-3 (Groundball, 4)
Top of the 7th over - 0 runs, 0 hits, 0 errors, 0 left on base; Chicago 4 - Wizarding 1
BOTTOM OF THE 7TH
Wizarding Express batting - Pitching for Chicago Gold Sox : RHP Tony Alfonso
Batting: RHB António Martínez 0-0: Foul Ball, location: 2F
0-1: Fly out, F8 (Flyball, 78XD)
Batting: LHB David Holbrook 0-0: Ball
1-0: SOLO HOME RUN (Flyball, 9D), Distance : 343 ft
Batting: LHB José Corona 0-0: Ground out 2-3 (Groundball, 2L)
Batting: LHB Nathan Tanner 0-0: Fly out, F9 (Flyball, 89M)
Bottom of the 7th over - 1 run, 1 hit, 0 errors, 0 left on base; Chicago 4 - Wizarding 2
TOP OF THE 8TH
Chicago Gold Sox batting - Pitching for Wizarding Express : RHP Ralph McKinney
Pitching: RHP Marcos Oquendo
Batting: LHB Noel Ballard 0-0: Ball
1-0: Ball
2-0: Ball
3-0: Called Strike
3-1: Base on Balls
Batting: SHB Lupo Cotto 0-0: SINGLE (Flyball, 89S)
Noel Ballard to second
Runner from 2nd tries for 3rd, SAFE, no throw
Pitching: LHP Eijiro Takahashi
Batting: RHB Ben Kennerly 0-0: Ball
1-0: Ball
2-0: Ball
3-0: Base on Balls
Lupo Cotto to second
Pinch Hitting: RHB Norman Winston 0-0: Ball
1-0: SINGLE (Groundball, 34)
Noel Ballard scores
Lupo Cotto to third
Ben Kennerly to second
Batting: RHB Zeus Preckwinkle 0-0: Ball
1-0: Ball
2-0: Ball
3-0: Base on Balls
Lupo Cotto scores
Ben Kennerly to third
Norman Winston to second
Batting: RHB Jorge Baker 0-0: Called Strike
0-1: Ball
1-1: Foul Ball, location: 2F
1-2: Foul Ball, location: 2F
1-2: Ball
2-2: Foul Ball, location: 2F
2-2: Ball
3-2: Foul Ball, location: 2F
3-2: SINGLE (Groundball, 4MD)
Ben Kennerly scores
Norman Winston to third
Zeus Preckwinkle to second
Runner from 3rd tries for Home, SAFE, no throw
Pitching: LHP Octávio Ríos
Batting: RHB Howard Lee 0-0: Called Strike
0-1: Swinging Strike
0-2: Strikes out looking
Batting: RHB Hirohisa Ogasawara 0-0: Swinging Strike
0-1: Ball
1-1: Ball
2-1: Ball
3-1: SINGLE (Groundball, 3S) (infield hit)
Zeus Preckwinkle to third
Jorge Baker to second
Batting: LHB Shigenobu Ohayashi 0-0: Ball
Passed Ball!
Zeus Preckwinkle scores
Jorge Baker to third
Hirohisa Ogasawara to second
1-0: Called Strike
1-1: Ball
2-1: Ground out U3 (Groundball, 34)
Jorge Baker scores
Hirohisa Ogasawara to third
Batting: LHB Noel Ballard 0-0: Called Strike
0-1: Ball
1-1: Foul Ball, location: 2F
1-2: Foul Ball, location: 2F
1-2: Foul Ball, location: 2F
1-2: Strikes out swinging
Top of the 8th over - 6 runs, 4 hits, 0 errors, 1 left on base; Chicago 10 - Wizarding 2
BOTTOM OF THE 8TH
Wizarding Express batting - Pitching for Chicago Gold Sox : RHP Tony Alfonso
Now in RF: Norman Winston
Batting: SHB Salvador Trevino 0-0: Ball
1-0: Swinging Strike
1-1: Fly out, F9 (Flyball, 9)
Batting: RHB Ralph Cranford 0-0: Ball
1-0: Foul Ball, location: 2F
1-1: Ball
2-1: Fly out, F8 (Flyball, 8LS)
Batting: LHB David Breitling 0-0: Called Strike
0-1: Foul Ball, location: 2F
0-2: Ball
1-2: Ball
2-2: Ball
3-2: Ground out 4-3 (Groundball, 4)
Bottom of the 8th over - 0 runs, 0 hits, 0 errors, 0 left on base; Chicago 10 - Wizarding 2
TOP OF THE 9TH
Chicago Gold Sox batting - Pitching for Wizarding Express : LHP Octávio Ríos
Batting: SHB Lupo Cotto 0-0: Ball
1-0: Ground out 5-3 (Groundball, 56S)
Batting: RHB Ben Kennerly 0-0: Called Strike
0-1: Ball
1-1: Swinging Strike
1-2: Strikes out swinging
Batting: RHB Norman Winston 0-0: Called Strike
0-1: Ground out 1-3 (Groundball, P)
Top of the 9th over - 0 runs, 0 hits, 0 errors, 0 left on base; Chicago 10 - Wizarding 2
BOTTOM OF THE 9TH
Wizarding Express batting - Pitching for Chicago Gold Sox : RHP Tony Alfonso
Batting: RHB Frank Grimes 0-0: Foul Ball, location: 2F
0-1: DOUBLE (Line Drive, 7LM)
Pitching: RHP Toshiki Yokoyama
Batting: SHB Jake Richardson 0-0: Called Strike
0-1: Fly out, F8 (Flyball, 89D)
Runner from 2nd tags up, SAFE at 3rd, no throw
Batting: RHB António Martínez 0-0: Ball
1-0: Called Strike
1-1: Swinging Strike
1-2: Ball
2-2: SINGLE (Groundball, 34D)
Frank Grimes scores
Batting: LHB David Holbrook 0-0: Called Strike
0-1: Fly out, F9 (Flyball, 9S)
Batting: LHB José Corona 0-0: Foul Ball, location: 2F
0-1: Called Strike
0-2: Ball
1-2: Ball
2-2: Strikes out swinging
Bottom of the 9th over - 1 run, 2 hits, 0 errors, 1 left on base; Chicago 10 - Wizarding 3
Tuesday, June 12th, 2018 - OOTP Baseball 18.8 Build 76